 Dungeon Crawl Stone Soup version 0.19.0-22-gd96e5fe (webtiles) character file.

72 dobroeutro the Sneak (level 4, -2/22 HPs)
             Began as a Spriggan Assassin on Nov 18, 2016.
             Slain by a worm (11 damage)
             ... on level 3 of the Dungeon.
             The game lasted 00:02:46 (1863 turns).

dobroeutro the Sneak (Spriggan Assassin)            Turns: 1863, Time: 00:02:47

Health: -2/22      AC:  3    Str:  7    XL:     4   Next: 6%
Magic:  5/5        EV: 17    Int: 12    God:
Gold:   54         SH:  7    Dex: 18    Spells: 0 memorised, 3 levels left

rFire  . . .     SeeInvis +     l - +2 dagger (holy)
rCold  . . .     Gourm    .     c - +0 robe
rNeg   . . .     Faith    .     k - +2 buckler
rPois  .         Spirit   .     (helmet restricted)
rElec  .         Reflect  .     d - +0 cloak
rCorr  .         Harm     .     (gloves unavailable)
MR     .....                    (boots unavailable)
Stlth  ++++......               (no amulet)
                                (no ring)
                                (no ring)

@: very quick
A: unfitting armour, see invisible, herbivore 3, speed 3, slow metabolism 2
a: no special abilities


You were on level 3 of the Dungeon.
You were not hungry.

You visited 1 branch of the dungeon, and saw 3 of its levels.

You collected 54 gold pieces.

Inventory:

Hand Weapons
 b - a +0 blowgun
 l - a +2 dagger of holy wrath (weapon)
Missiles
 e - 41 poisoned needles
 f - 2 curare-tipped needles
Armour
 c - a +0 robe (worn)
 d - a +0 cloak (worn)
 k - a +2 buckler (worn)
Scrolls
 h - 2 scrolls of random uselessness {unknown}
 i - 2 scrolls of identify {unknown}
 n - a scroll of magic mapping {unknown}
Potions
 j - a potion of cure mutation {unknown}
 m - 2 potions of heal wounds {unknown}
 o - a potion of agility {unknown}
 p - a potion of degeneration {unknown}
 q - a potion of curing {unknown}
 r - a potion of might {unknown}
 s - 2 potions of flight {unknown}
Comestibles
 a - 3 slices of pizza
 g - 5 bread rations


   Skills:
 - Level 1.5 Fighting
 * Level 3.4 Short Blades
 - Level 2.0 Throwing
 + Level 2.8 Dodging
 * Level 7.1 Stealth


You had 3 spell levels left.
You didn't know any spells.

Dungeon Overview and Level Annotations

Branches:
Dungeon (3/15)

Altars:


Innate Abilities, Weirdness & Mutations

You are very small and have problems with some larger weapons.
You are too small for most types of armour.
You have supernaturally acute eyesight. (SInv)
You are a herbivore.
You cover ground extremely quickly.
You need consume almost no food.


Message History

You barely miss the worm.
The worm is moderately wounded.
You block the worm's attack.
Your shield prevents you from hitting the worm.
The worm is lightly wounded.
You hit the worm.
The worm is moderately wounded.
The worm closely misses you.
You hit the worm.
The worm is heavily wounded.
You hit the worm.
The worm is severely wounded.
You block the worm's attack.
You barely miss the worm.
The worm is heavily wounded.
You hit the worm.
The worm is severely wounded.
The worm bites you!
Ouch! That really hurt!
You die...

..#........ #.#........
#.#........ #.#........ ..#
.......... #.# #...!..... #.#
#.)w...... #.# #)@.# #.#
##..########### #.#
#.>..........# #.# ############.#
##'## #.# #...# #.# ####...#
#########'#####
.......############.............#
####...##.........'.............#


You could see a worm.

Vanquished Creatures
  Jessica (D:3)
  A worm (D:2)
  A dart slug (D:2)
  5 leopard geckos
  A giant cockroach (D:1)
  5 goblins
  6 hobgoblins
  3 bats
  3 frilled lizards
  4 kobolds
  6 rats
36 creatures vanquished.

Notes
Turn   | Place    | Note
-------+----------+-------------------------------------------
     0 | D:1      | dobroeutro the Spriggan Assassin began the quest for the Orb.
     0 | D:1      | Reached XP level 1. HP: 10/10 MP: 2/2
   216 | D:1      | Reached skill level 6 in Stealth
   512 | D:1      | Reached XP level 2. HP: 14/14 MP: 3/3
  1095 | D:2      | Reached XP level 3. HP: 17/18 MP: 4/4
  1826 | D:3      | Noticed Jessica
  1836 | D:3      | Killed Jessica
  1836 | D:3      | Reached skill level 7 in Stealth
  1836 | D:3      | Reached XP level 4. HP: 7/22 MP: 5/5
  1863 | D:3      | Slain by a worm

Skill      XL: |  1  2  3 |
---------------+----------+-----
Stealth        | 6 7 |  7.1
Dodging        | 2 |  2.8
Short Blades   | 3 |  3.4
Fighting       | |  1.5
Throwing       | |  2.0

Action                   |  1- 3 |  4- 6 || total
-------------------------+-------+-------++-------
Melee: Dagger            |   115 |     8 ||   123
 Fire: Blowgun           |       |     1 ||     1
 Stab: Sleeping          |    12 |       ||    12
Armor: Robe              |     8 |       ||     8
Dodge: Dodged            |    51 |     1 ||    52
Block: Buckler           |    25 |     2 ||    27
